Map: Finsterer Dschungel

Players

RiseAgainst - Winner!

  • Race: Terran Terran
  • League: Diamond
  • Spawn Location: 1:00

Panda - Winner!

  • Race: Zerg Zerg
  • Spawn Location: 11:00

Wiji

  • Race: Zerg Zerg
  • League: Diamond
  • Spawn Location: 7:00

Madarnann

  • Race: Zerg Zerg
  • League: Diamond
  • Spawn Location: 5:00

VOD

Have the link to the VOD?

Description

Time

  • Played on: Aug. 29, 2017, 4:16 p.m.
  • Length: 10:42
Show
View Real Time Build Order
Export as new Build Order

RiseAgainst Terran - Winner!

Build Orders: MMM Bio 

Get SALT Encoding   

  12  0:00  SCV  
  13  0:13  SCV  
  14  0:18  Supply Depot  
  14  0:25  SCV  
  15  0:40  SCV  
  15  0:41  Barracks  
  16  0:46  Refinery  
  16  0:56  Barracks  
  16  1:01  SCV  
  17  1:16  Barracks  
  17  1:20  SCV  
  18  1:26  Refinery  
  18  1:31  Reaper  
  19  1:47  Reaper  
  19  1:50  Orbital Command  
  20  2:04  Supply Depot  
  20  2:05  Reaper  
  21  2:09  Reaper  
  22  2:16  SCV  
  23  2:26  Reaper  
  24  2:42  Reaper  
  25  2:48  Reaper  
  26  2:52  SCV  
  26  2:54  Supply Depot  
  27  3:03  Reaper  
  28  3:14  Reaper  
  28  3:25  Reaper  
  29  3:30  SCV  
  30  3:54  Reaper x2  
  32  3:58  Command Center  
  32  4:02  Reaper  
  29  4:19  SCV  
  30  4:28  Factory  
  30  4:36  Barracks Reactor  
  30  4:38  Barracks Tech Lab  
  30  4:39  Marine  
  31  4:47  SCV  
  31  4:50  Supply Depot  
  32  5:14  Orbital Command  
  32  5:17  Marine x2  
  32  5:18  Stimpack  
  34  5:24  Hellion x2  
  34  5:25  Command Center  
  38  5:28  Engineering Bay  
  38  5:31  Barracks Reactor, Engineering Bay  
  38  5:36  Marine  
  38  5:37  Marine  
  38  5:39  SCV  
  41  5:45  Hellion x2  
  41  5:48  Orbital Command  
  45  5:59  Marine  
  46  6:06  Hellion  
  46  6:07  Hellion  
  48  6:21  SCV x2  
  50  6:27  Marine  
  50  6:28  Marine x3  
  54  6:33  SCV x2  
  54  6:38  Starport  
  56  6:45  SCV  
  50  6:59  Marine x4  
  50  7:01  Orbital Command  
  47  7:05  Terran Infantry Armor Level 1, Terran Infantry Weapons Level 1  
  47  7:11  SCV x2  
  49  7:16  Medivac x2  
  49  7:17  Marine x2  
  49  7:21  Combat Shields, Marine  
  56  7:23  SCV x2  
  56  7:26  SCV  
  56  7:27  Barracks Reactor  
  59  7:34  Marine  
  59  7:35  SCV x2  
  62  7:38  Factory Reactor  
  62  7:39  Supply Depot  
  62  7:45  Barracks  
  62  7:49  Medivac, Marine x2  
  66  7:52  Marine  
  67  8:04  Marine x2  
  69  8:06  Marine  
  69  8:07  Supply Depot  
  69  8:08  SCV x3  
  73  8:13  Supply Depot  
  73  8:20  SCV x3  
  73  8:32  SCV  
  72  8:40  Marine x2  
  72  8:41  Marine x4  
  73  8:42  Medivac x2  
  75  8:58  Marine  
  75  9:02  Marine x2  
  75  9:03  Marine x3  
  79  9:12  Medivac x2  
  81  9:17  Marine  
  81  9:20  Orbital Command, Marine  
  81  9:23  Armory  
  83  9:28  Barracks Tech Lab  
  83  9:29  Marine x2, Marauder  
  87  9:37  Barracks  
  87  9:38  SCV  
  87  9:44  Factory Tech Lab  
  88  9:49  Marauder  
  88  9:50  Marine x3  
  93  9:53  Marine  
  93  9:54  Concussive Shells, Marauder  
  96  10:08  Marine x2  
  96  10:11  Marauder  
Show
View Real Time Build Order
Export as new Build Order

Panda Zerg - Winner!

Build Orders: Pool First 

Get SALT Encoding   

  12  0:01  Drone  
  13  0:10  Drone  
  14  0:16  Extractor  
  14  0:17  Drone  
  14  0:34  Spawning Pool  
  13  0:41  Drone  
  14  0:49  Overlord  
  14  1:09  Drone  
  14  1:10  Drone x2  
  17  1:21  Queen  
  19  1:30  Metabolic Boost  
  19  1:36  Zergling x2  
  19  1:37  Zergling x2  
  21  1:44  Zergling x2  
  22  1:52  Overlord  
  22  2:11  Hatchery  
  22  2:13  Zergling x2  
  23  2:22  Zergling x2  
  21  2:51  Zergling x8  
  24  2:59  Drone  
  25  3:10  Drone  
  26  3:14  Queen  
  26  3:19  Drone  
  25  3:42  Queen, Drone x2  
  25  3:46  Spine Crawler x2  
  25  4:09  Drone x3  
  28  4:14  Spine Crawler  
  28  4:16  Spine Crawler  
  26  4:19  Drone x6  
  32  4:34  Drone x2  
  34  4:42  Queen  
  34  5:09  Hatchery  
  33  5:18  Hatchery  
  32  5:21  Overlord x2  
  32  5:29  Extractor  
  31  5:47  Hatchery  
  30  6:23  Baneling Nest  
  30  6:24  Zergling x2  
  30  6:25  Zergling x8  
  34  7:03  Drone  
  34  7:07  Baneling  
  35  7:08  Baneling  
  35  7:09  Baneling  
  35  7:14  Baneling  
  35  7:15  Baneling  
  34  7:32  Drone x3  
  37  7:39  Lair  
  37  7:44  Drone  
  37  7:45  Drone x2  
  37  7:46  Queen, Hatchery  
  41  8:00  Evolution Chamber  
  40  8:07  Evolution Chamber  
  40  8:08  Drone x2  
  40  8:09  Drone x10  
  40  8:12  Overlord  
  51  8:25  Roach Warren  
  50  8:29  Extractor  
  50  8:31  Queen, Extractor  
  50  8:54  Overlord x6  
  50  9:02  Drone x5  
  55  9:08  Drone  
  56  9:28  Roach  
  56  9:29  Roach x8  
  74  9:53  Roach x7  
  82  10:09  Roach x5  
Show
View Real Time Build Order
Export as new Build Order

Wiji Zerg 

Build Orders: Hatch First 

Get SALT Encoding   

  12  0:02  Drone  
  13  0:13  Overlord  
  13  0:21  Drone  
  14  0:22  Extractor  
  14  0:27  Drone  
  15  0:33  Drone  
  16  0:38  Drone  
  17  0:55  Hatchery  
  16  0:58  Drone  
  16  1:01  Extractor  
  16  1:03  Drone  
  17  1:18  Spawning Pool  
  16  1:21  Drone  
  17  1:28  Drone  
  18  1:45  Overlord, Drone  
  19  2:05  Spine Crawler, Zergling x2  
  19  2:06  Queen, Zergling x2  
  22  2:09  Zergling x2  
  23  2:16  Baneling Nest  
  22  2:23  Zergling x4  
  24  2:42  Metabolic Boost  
  24  2:44  Zergling x8  
  27  3:06  Drone x2  
  27  3:08  Overlord  
  27  3:12  Drone x3  
  31  3:16  Zergling x4  
  33  3:25  Zergling x2  
  33  3:26  Zergling x4  
  33  3:39  Zergling x4  
  32  3:43  Zergling x2  
  32  3:44  Queen  
  32  3:48  Zergling x2  
  35  3:55  Zergling x4  
  35  4:06  Zergling x4  
  37  4:19  Zergling x6  
  37  4:20  Zergling x4  
  42  4:27  Zergling x2  
  41  4:39  Zergling x4  
  41  4:41  Overlord  
  43  4:52  Zergling x2  
  42  4:53  Zergling x2  
  42  4:56  Zergling x2  
  42  4:57  Zergling x4  
  42  4:58  Zergling x2  
  39  5:08  Drone x2  
  39  5:09  Drone x2  
  40  5:14  Roach Warren  
  40  5:18  Overlord  
  39  5:22  Drone, Lair  
  39  5:27  Drone x2  
  37  5:43  Zergling x2  
  37  5:44  Zergling x8  
  37  5:47  Drone x2  
  40  5:51  Zergling x4  
  42  6:11  Baneling x2  
  42  6:13  Evolution Chamber  
  42  6:15  Overlord  
  42  6:16  Roach x4  
  49  6:25  Drone x2  
  51  6:26  Roach x3  
  51  6:29  Roach  
  55  6:57  Roach x5  
  55  6:58  Roach x2  
  68  7:02  Glial Reconstitution  
  68  7:04  Overlord x2  
  68  7:06  Extractor  
  65  7:09  Extractor  
  65  7:10  Overlord  
  65  7:14  Overlord  
  64  7:27  Drone x2  
  64  7:28  Drone x2  
  64  7:29  Drone x2  
  70  7:30  Drone  
  70  7:34  Roach x2  
  75  7:39  Zerg Missile Weapons Level 1  
  75  7:46  Drone  
  75  7:47  Drone x2  
  78  7:54  Drone x2  
  78  7:58  Drone x3  
  83  8:07  Roach x2  
  87  8:28  Hatchery  
  86  8:59  Roach x5  
  86  9:00  Roach x2  
  100  9:25  Overlord x3  
  100  9:31  Extractor  
  99  9:36  Overlord  
  99  9:37  Overlord x2  
  99  9:48  Drone x8  
  76  10:22  Drone  
  76  10:23  Drone x2  
Show
View Real Time Build Order
Export as new Build Order

Madarnann Zerg 

Build Orders: Pool First 

Get SALT Encoding   

  12  0:01  Drone  
  13  0:08  Drone  
  14  0:19  Overlord  
  14  0:26  Extractor, Drone  
  15  0:40  Spawning Pool  
  14  0:44  Drone  
  15  0:54  Extractor, Drone x2  
  16  1:14  Overlord, Drone  
  17  1:34  Queen  
  19  1:41  Baneling Nest, Zergling x4  
  19  1:42  Zergling x2  
  21  1:56  Zergling x2  
  22  2:10  Queen  
  22  2:14  Metabolic Boost  
  24  2:19  Zergling x2  
  24  2:20  Zergling x2  
  26  2:40  Zergling x4  
  26  2:46  Zergling x4  
  28  2:52  Overlord  
  28  2:55  Zergling x2  
  29  3:09  Queen  
  30  3:19  Zergling x2  
  32  3:20  Zergling x2  
  32  3:28  Zergling x6  
  32  3:50  Zergling x6  
  34  4:05  Hatchery  
  34  4:08  Zergling x6  
  34  4:19  Zergling x2  
  34  4:23  Zergling x2  
  36  4:38  Zergling x4  
  38  4:39  Overlord  
  27  5:09  Zergling x8  
  27  5:10  Zergling x2  
  32  5:21  Extractor, Drone x2  
  32  5:23  Queen  
  35  5:44  Drone  
  35  5:45  Drone x2  
  35  5:47  Drone x3  
  41  5:50  Baneling x2  
  41  5:52  Baneling  
  40  6:12  Drone x4  
  40  6:13  Drone  
  43  6:20  Drone x2  
  43  6:27  Queen  
  43  6:31  Drone  
  46  6:53  Drone x5  
  46  6:54  Drone x3  
  51  6:57  Drone  
  51  7:15  Lair  
  51  7:27  Overlord  
  51  7:32  Overlord  
  51  7:33  Overlord  
  51  7:37  Overlord x2  
  51  7:48  Zergling x10  
  51  7:49  Zergling x4  
  53  7:56  Extractor x2  
  51  8:10  Drone x5  
  56  8:19  Zergling x2  
  58  8:20  Zergling x2  
  38  8:36  Zergling x6  
  38  8:37  Zergling x2  
  41  8:43  Spore Crawler  
  41  8:46  Spore Crawler  
  39  8:57  Queen  
  39  8:59  Spore Crawler  
  34  9:10  Drone x2  
  34  9:11  Drone x5  
  39  9:17  Queen  
  41  9:32  Zergling x4  
  41  9:34  Drone x2  
  41  9:36  Drone  
  46  9:43  Hatchery  
  45  9:49  Spire  
  44  9:53  Queen, Drone x4  
  50  10:21  Zergling x6  
  50  10:22  Zergling x14  
Tags
 
Add a new tag
Caveats
  • Supply blocks, unpowered buildings, or Contaminate may cause inaccurate times.
  • Supply counts are checked every 10 seconds.